 Dungeon Crawl Stone Soup version 0.19.4-8-ga85b6b9 (console) character file.

13 lanroth the Chucker (level 2, -1/19 HPs)
             Began as a Halfling Hunter on Feb 10, 2017.
             Slain by a leopard gecko (5 damage)
             ... on level 1 of the Dungeon.
             The game lasted 00:06:45 (533 turns).

lanroth the Chucker (Halfling Hunter)                Turns: 533, Time: 00:06:45

Health: -1/19      AC:  3    Str: 13    XL:     2   Next: 50%
Magic:  2/2        EV: 14    Int:  9    God:
Gold:   28         SH:  0    Dex: 14    Spells: 0 memorised, 1 level left

rFire  . . .     SeeInvis .     a - +0 short sword
rCold  . . .     Gourm    .     b - +0 leather armour
rNeg   . . .     Faith    .     (shield restricted)
rPois  .         Spirit   .     (no helmet)
rElec  .         Reflect  .     (no cloak)
rCorr  .         Harm     .     (no gloves)
MR     .....                    (no boots)
Stlth  ++........               (no amulet)
                                (no ring)
                                (no ring)

@: no status effects
A: mutation resistance 1
a: no special abilities


You were on level 1 of the Dungeon.
You were not hungry.

You visited 1 branch of the dungeon, and saw 1 of its levels.

You collected 28 gold pieces.

Inventory:

Hand Weapons
 a - a +0 short sword (weapon)
 k - a cursed +0 hand axe
Missiles
 c - 2 tomahawks (quivered)
 d - 2 throwing nets
Armour
 b - a +0 leather armour (worn)
 j - a +0 ring mail
 l - a +0 ring mail
Scrolls
 h - a scroll of identify {unknown}
 i - a scroll of enchant armour {unknown}
 m - a scroll of immolation {unknown}
Potions
 e - a potion of curing {unknown}
Comestibles
 f - a bread ration


   Skills:
 + Level 1.8 Fighting
 + Level 0.2 Short Blades
 + Level 4.4 Throwing
 + Level 2.3 Dodging
 + Level 1.2 Stealth


You had one spell level left.
You didn't know any spells.

Dungeon Overview and Level Annotations

Branches:
Dungeon (1/15)

Altars:


Innate Abilities, Weirdness & Mutations

You are small and have problems with some larger weapons.
You are somewhat resistant to further mutation.


Message History

t - Shout!
Orders for allies: a - Attack new target. p - Attack previous target. r - Retreat! s - Stop attacking. g - Guard the area. f - Follow me.
Anything else - Cancel.
Okay, then.
The leopard gecko misses you. The leopard gecko barely misses you.
The leopard gecko hisses menacingly.
The leopard gecko bites you but does no damage.
The leopard gecko bites you but does no damage.
The leopard gecko misses you.
Okay, then.
The leopard gecko closely misses you.
The leopard gecko hisses menacingly.
The leopard gecko hisses menacingly.
The leopard gecko barely misses you. The leopard gecko closely misses you.
The leopard gecko bites you.
You die...

######### #.......# #.#####.# ######### ###.#.....#
#.......# #...#.....# #.#####.# #...#.....#
########### #.....#.# ##...#...#.#
############.........###############.# #......#...#
#.....)...............##..........(#.# #.........###
#.......####...........#.#########.#.# #...........#
#.......# #...........#.# #.#.# #.........#.#
#..>....# #...........#.# #...# ##........#.#
###.##### #.........#.#.## ##### #........#.#
##....#####.........#.#..# #........#.#
#........##...........##.# #..........#
#########.^......##.........####.#
######.....######................##.........# #.#
#>.........'..........................#####.#
#.###.######...........#.##########.........#
#......................+..................>##
#.###.######...........#.#####.###.#.#..##.#########
#.....# #.......##.#......#.# #.#.#.............#
####### #..........#......#.# #.#.#..##.#######.#
#...................# #.#.#..##.# #.#
###...#..........)#####.#.#..##.# #.#
#####...........#.....#.......# #.#
#...........#.###.###.....#######.#
#..............@....#.............#
##..........#.##l............######
############.##.##.#.#.#.##.## #####
#.##g#..#.#.......# ......#### #g##.#.##.#.......#
....(....# #.##.#....#.......#
....(.##.####.##.#######......# (....
#.............#...>....#
....#...##...........#.#......# ... #...
#...........#.#......# .. .....
#...#########.#......# . .##.##
###.#.........#......# .. #.#.##########)##### ..
###.#.## #.########## #......# #..........##
#......#########.##.###.#..#
#................##+###'##.#
#......#########.#≈.≈≈≈§≈#.# ........# #.#§≈.≈§≈§#.#
###......# #.#≈≈..§§§#.# #......# #...§.<§§§§.#
#......# #.#≈≈..§≈≈### ######## #.#≈≈§§.§≈#
#.#≈.≈≈≈.≈# #.##+###+## #..


You could see a leopard gecko and a hobgoblin.

Vanquished Creatures
  A leopard gecko (D:1)
  3 bats (D:1)
  A giant cockroach (D:1)
  A hobgoblin (D:1)
  2 kobolds (D:1)
  A frilled lizard (D:1)
  2 goblins (D:1)
  A rat (D:1)
12 creatures vanquished.

Notes
Turn   | Place    | Note
-------+----------+-------------------------------------------
     0 | D:1      | lanroth the Halfling Hunter began the quest for the Orb.
     0 | D:1      | Reached XP level 1. HP: 14/14 MP: 1/1
   128 | D:1      | Reached XP level 2. HP: 19/19 MP: 2/2
   533 | D:1      | Slain by a leopard gecko

Action                   || total
-------------------------++-------
Melee: Short sword       ||    20
Throw: Tomahawk          ||    26
  Use: Potion            ||     1
Armor: Leather armour    ||     2
Dodge: Dodged            ||    22
